 Dungeon Crawl Stone Soup version 0.18.1-48-g4cf74bf (webtiles) character file.

268 Joat the Insei (level 6, -7/42 HPs)
             Began as an Octopode Transmuter on Aug 9, 2016.
             Mangled by Menkaure (18 damage)
             ... on level 5 of the Dungeon.
             The game lasted 00:23:51 (5083 turns).

Joat the Insei (Octopode Transmuter)                Turns: 5083, Time: 00:23:51

Health: -7/42      AC:  1    Str: 10    XL:     6   Next: 21%
Magic:  10/10      EV: 13    Int: 16    God:
Gold:   253        SH:  0    Dex: 13    Spells: 2 memorised, 8 levels left

rFire  . . .     SeeInvis .       - Unarmed
rCold  . . .     Gourm    .     (no shield)
rNeg   . . .     Faith    .     (helmet restricted)
rPois  .         Spirit   .     (no amulet)
rElec  .         Dismiss  .     (no ring)
rCorr  .         Reflect  .     (no ring)
SustAt .         Harm     .     (no ring)
MR     .....                    (no ring)
Stlth  ++........               (no ring)
                                (no ring)
                                (no ring)
                                (no ring)

@: lethally poisoned (-7 -> -10), appendage, not resistant to hostile
enchantments, unstealthy
A: almost no armour, amphibious, 8 rings, constrict 8, tentacle spike 3,
camouflage 1, gelatinous body 1
a: End Transformation


You were on level 5 of the Dungeon.
You were not hungry.
One of your tentacles had a temporary spike.
You visited 1 branch of the dungeon, and saw 5 of its levels.

You collected 253 gold pieces.

Inventory:

Missiles
 a - 97 arrows
 u - 10 tomahawks (quivered)
Armour
 v - a +0 shield
Jewellery
 q - an uncursed ring of ice
Scrolls
 d - a scroll of enchant armour {unknown}
 e - 2 scrolls of teleportation {unknown}
 f - a scroll of blinking {unknown}
 g - 3 scrolls of fear {unknown}
 k - 5 scrolls of identify {unknown}
 l - 2 scrolls of noise {unknown}
 o - 2 scrolls of amnesia {unknown}
 z - a scroll of magic mapping {unknown}
Potions
 h - a potion of cancellation {unknown}
 j - 4 potions of might {unknown}
 n - 4 potions of curing {unknown}
 p - a potion of lignification {unknown}
 s - a potion of mutation {unknown}
 x - a potion of beneficial mutation {unknown}
 B - a potion of magic {unknown}
Books
 b - a book of Changes

   Spells                             Type                      Level
   a - Beastly Appendage              Transmutation                1
   b - Sticks to Snakes               Transmutation                2
   c - Spider Form                    Transmutation/Poison         3
   d - Ice Form                       Ice/Transmutation            4
   e - Blade Hands                    Transmutation                5
 w - a book of Flames

   Spells                             Type                      Level
   a - Flame Tongue                   Conjuration/Fire             1
   b - Throw Flame                    Conjuration/Fire             2
   c - Conjure Flame                  Conjuration/Fire             3
   d - Inner Flame                    Hexes/Fire                   3
   e - Sticky Flame                   Conjuration/Fire             4
   f - Fireball                       Conjuration/Fire             5
 y - a book of Beasts

   Spells                             Type                      Level
   a - Summon Butterflies             Summoning                    1
   b - Call Canine Familiar           Summoning                    3
   c - Summon Ice Beast               Ice/Summoning                4
   d - Summon Mana Viper              Hexes/Summoning              5
   e - Summon Hydra                   Summoning                    7
Comestibles
 c - 7 bread rations
 i - 3 meat rations
 m - a beef jerky
 r - 2 slices of pizza
 t - a fruit


   Skills:
 + Level 3.4 Fighting
 + Level 3.1 Dodging
 - Level 0.2 Shields
 + Level 3.9 Unarmed Combat
 + Level 3.0 Spellcasting
 + Level 2.9 Transmutations


You had 8 spell levels left.
You knew the following spells:

 Your Spells              Type           Power        Failure   Level  Hunger
b - Sticks to Snakes      Trmt           ##......     10%         2    ##.....
q - Beastly Appendage     Trmt           ##....       8%          1    #......


Dungeon Overview and Level Annotations

Branches:
Dungeon (5/15)
 Temple: D:4-7

Altars:
Makhleb
Yredelemnul
Zin

Annotations:
D:5 Menkaure, Pikel


Innate Abilities, Weirdness & Mutations

You cannot wear most types of armour.
You are amphibious.
You can wear up to eight rings at the same time.
You can use your tentacles to constrict eight enemies at once.
Your skin changes colour to match your surroundings (Stealth).
Your rubbery body absorbs attacks (AC +1).
One of your tentacles bears a large vicious spike.


Message History

Your Spellcasting skill increases to level 3!
You feel sick.
You barely miss Menkaure. You grab Menkaure.
You pierce Menkaure.
Menkaure is lightly damaged.
You constrict Menkaure.
You feel sick.
Menkaure mumbles some strange words.
Menkaure seems to speed up.
You bludgeon Menkaure!
You pierce Menkaure, but do no damage.
You squeeze Menkaure.
Menkaure is severely damaged.
You constrict Menkaure. Menkaure hits you!
* * * LOW HITPOINT WARNING * * *
You tentacle-slap Menkaure but do no damage.
You pierce Menkaure, but do no damage.
Menkaure is severely damaged.
You constrict Menkaure. Menkaure closely misses you.
You tentacle-slap Menkaure but do no damage.
Menkaure is severely damaged.
You constrict Menkaure.
You feel sick. Menkaure hits you!!
You die...

.........#...# ##.
#####....#.....#
##..###..............##
...#..................
##.......####)##......
#.....###....[........
###..#..##........#...##
........#.............#
#....@M.............#
#####S
#..####..........####
...... ###.
#...........#
.....###....
#....<^......... #...
.#..... #.#........#####
##.## ....M..
M.M..........#
....##.......
..............# ....#p.#
...............#
....pp##
.................


You could see Menkaure.

Vanquished Creatures
  A centaur skeleton (D:4)
  3 worker ants
  4 adders
  An ooze (D:3)
  An adder skeleton (D:3)
  3 worms
  A dart slug (D:2)
  3 giant geckos
  10 orcs
  3 giant cockroaches
  12 goblins
  11 hobgoblins
  16 jackals
  A quokka (D:3)
  9 bats
  8 giant newts
  A jackal skeleton (D:4)
  4 kobolds
  7 rats
99 creatures vanquished.

Notes
Turn   | Place    | Note
--------------------------------------------------------------
     0 | D:1      | Joat the Octopode Transmuter began the quest for the Orb.
     0 | D:1      | Reached XP level 1. HP: 13/13 MP: 3/3
   298 | D:1      | Reached XP level 2. HP: 19/19 MP: 5/5
   560 | D:1      | Learned a level 2 spell: Sticks to Snakes
  1068 | D:1      | Reached XP level 3. HP: 21/25 MP: 4/6
  1338 | D:2      | Found a basalt altar of Yredelemnul.
  1693 | D:2      | Found a burning altar of Makhleb.
  1899 | D:2      | Reached XP level 4. HP: 30/30 MP: 7/7
  3141 | D:3      | Reached XP level 5. HP: 34/36 MP: 8/8
  4304 | D:4      | Reached XP level 6. HP: 41/42 MP: 10/10
  4575 | D:5      | Entered Level 5 of the Dungeon
  4614 | D:5      | Found a glowing silver altar of Zin.
  4618 | D:5      | Noticed a slave
  4822 | D:5      | Noticed a slave
  4824 | D:5      | Noticed Pikel
  4826 | D:5      | Noticed a slave
  4831 | D:5      | Noticed a slave
  4833 | D:5      | Noticed Menkaure
  5083 | D:5      | Mangled by Menkaure

Skill      XL: |  1  2  3  4  5  6 |
---------------+-------------------+-----
Fighting       | 2 3 |  3.4
Dodging        | 3 |  3.1
Spellcasting   | 3 |  3.0
Shields        | |  0.2
Unarmed Combat | |  3.9
Transmutations | |  2.9

Action                   |  1- 3 |  4- 6 || total
-------------------------+-------+-------++-------
Melee: Unarmed           |    85 |   165 ||   250
       Constrict         |    25 |    42 ||    67
       Tentacles         |    13 |    34 ||    47
       Kick              |    12 |    25 ||    37
       Punch             |     2 |     7 ||     9
 Cast: Beastly Appendage |     9 |    15 ||    24
  Use: Scroll            |     1 |     1 ||     2
 Stab: Sleeping          |     6 |     7 ||    13
  Eat: Chunk             |     3 |    10 ||    13
Armor: Skin              |     8 |    15 ||    23
Dodge: Dodged            |    57 |    91 ||   148
